 Dungeon Crawl Stone Soup version 0.31-a0-246-g8cbcc1cb85 (webtiles) character file.

Game seed: 2667804820781316779

149 cforsyth the Changeling (level 5, -10/75 HPs)
             Began as an Ogre Shapeshifter on July 12, 2023.
             Mangled by an ogre
             ... wielding a +0 giant spiked club
              (13 damage)
             ... on level 4 of the Dungeon.
             The game lasted 00:02:00 (1974 turns).

cforsyth the Changeling (Ogre Shapeshifter)         Turns: 1974, Time: 00:02:01

Health: -10/75     AC: 22    Str: 21    XL:     5   Next: 31%
Magic:  5/5        EV:  1    Int:  9    God:
Gold:   48         SH:  0    Dex:  9    Spells: 4/4 levels left

rFire   . .          .
                       - Unarmed
rCold   . . .        (no shield)
rNeg    . . .        a - melded +0 animal skin
rPois   +            (helmet currently unavailable)
rElec   .            (cloak currently unavailable)
rCorr   .            (gloves unavailable)
SInv    .            (boots unavailable)
Will    .....        (no amulet)
Stlth   +            (no ring)
HPRegen 0.32/turn    (no ring)
MPRegen 0.09/turn

%: no passive effects
@: lethally poisoned (-10 -> -17), tree-form
A: stationary, stasis, torment immunity, boosted hp, large, unfitting armour,
(tough skin 1)
a: no special abilities


You were on level 4 of the Dungeon.
You were a tree.
You visited 1 branch of the dungeon, and saw 4 of its levels.

You collected 48 gold pieces.

Inventory:

Armour
 a - a +0 animal skin (melded)
Talismans
 c - a beast talisman
Scrolls
 e - a scroll of identify {unknown}
 f - a scroll of revelation {unknown}
 h - a scroll of immolation {unknown}
 j - a scroll of amnesia {unknown}
 k - a scroll of vulnerability {unknown}
 l - a scroll of torment {unknown}
 m - a scroll of enchant armour {unknown}
Potions
 b - a potion of lignification
 d - a potion of haste {unknown}
 g - a potion of invisibility {unknown}
 i - 2 potions of curing {unknown}


   Skills:
 - Level 2.6 Fighting
 - Level 1.7 Dodging
 + Level 3.6 Unarmed Combat
 + Level 4.2 Shapeshifting


You had 4 spell levels left.
You didn't know any spells.
Your spell library contained the following spells:

 Spells                   Type           Power      Damage    Failure   Level
 Apportation              Tloc           0%         N/A       38%         1
 Alistair's Intoxication  Tmut/Pois      0%         N/A       100%        5


Dungeon Overview and Level Annotations

Branches:
Dungeon (4/15)
 Temple: D:4-7

Altars:


Innate Abilities, Weirdness & Mutations

You are a tree.
Your roots penetrate the ground, keeping you stationary.
You cannot be teleported.
You are immune to unholy pain and torment.
Your maximum health is greatly increased.
Your equipment is partially melded.
You are too large for most types of armour.
((You have tough skin. (AC +1)))


Message History

The orc shouts!
You punch the orc!
You kill the orc!
You barely miss the orc wizard.
You hit the orc wizard but do no damage.
You hit the ogre.
The ogre is moderately wounded.
The ogre hits you with a +0 giant spiked club!
The orc wizard points at you and mumbles some strange words.
You resist with some effort.
You hit the ogre.
The ogre is moderately wounded.
The orc wizard hits you but does no damage.
The orc hits you but does no damage.
The ogre hits you with a +0 giant spiked club.
You punch the ogre!
The ogre is heavily wounded.
The orc hits you with a +0 club.
The orc hits you with a +0 whip of venom.
You are poisoned.
You hit the ogre.
The ogre is heavily wounded.
You feel very sick.
The ogre hits you with a +0 giant spiked club!!
Ouch! That really hurt!
* * * LOW HITPOINT WARNING * * *
The orc barely misses you. x2
The orc wizard hits you but does no damage.
Unknown command.
Unknown command.
Really quaff the potion of lignification?
Your transformation has ended.
You turn into a tree.
Your +0 animal skin melds into your body.
Your roots penetrate the ground.
* * * LOW HITPOINT WARNING * * *
You feel sick. The orc hits you but does no damage. x3
The orc wizard hits you but does no damage.
The ogre hits you with a +0 giant spiked club!
You die...

#......
.......##
.(......# ...
........##
#...
.........# ...
.........###.#
.$....ooO.#.#
......o♣o...#
...........##
...........#
...........#
...<.......##
............##
.............#
.............#
............#


You could see an ogre, an orc wizard and 3 orcs.

Vanquished Creatures
  A black bear (D:4)
  3 adders (D:2)
  A worm (D:3)
  An orc (D:4)
  A bat (D:2)
  4 endoplasms
  3 goblins
  A hobgoblin (D:3)
  4 ball pythons
  6 frilled lizards
  3 kobolds
  4 rats (D:1)
32 creatures vanquished.

Notes
Turn   | Place    | Note
-------+----------+-------------------------------------------
     0 | D:1      | cforsyth the Ogre Shapeshifter began the quest for the Orb.
     0 | D:1      | Reached XP level 1. HP: 22/22 MP: 1/1
   589 | D:1      | Reached XP level 2. HP: 28/29 MP: 2/2
   727 | D:1      | Found a faded altar of an unknown god.
  1288 | D:2      | Reached XP level 3. HP: 26/36 MP: 3/3
  1805 | D:4      | Noticed a black bear
  1814 | D:4      | Killed a black bear
  1815 | D:4      | Reached skill level 4 in Shapeshifting
  1815 | D:4      | Reached XP level 4. HP: 21/44 MP: 4/4
  1815 | D:4      | Reached XP level 5. HP: 24/50 MP: 5/5
  1964 | D:4      | Noticed an ogre
  1974 | D:4      | HP: 3/75 [poisoned by an orc]
  1974 | D:4      | Mangled by an ogre

Illustrated notes

Levels and vault maps discovered:
D:1:      doesnt_arrival_eight_statues, layout_basic,
          dilly_ecumenical_altar_fadedgnrine, minmay_misc_feat_four_crosses
D:2:      layout_basic
D:3:      layout_basic
D:4:      layout_cave_pods, serial_column_ruins, column_ruins_hut_pillars,
          column_ruins_open_small, column_ruins_open_small,
          column_ruins_open_tiny, column_ruins_open_tiny, uniq_sigmund,
          uniq_edmund

Skill      XL: |  1  2  3 |
---------------+----------+-----
Unarmed Combat | 2 3 |  3.6
Shapeshifting  | 4 |  4.2
Fighting       | |  2.6
Dodging        | |  1.7

Action                     |  1- 3 |  4- 6 || total
---------------------------+-------+-------++-------
  Melee: Unarmed           |    71 |    11 ||    82
         Punch             |     2 |       ||     2
    Use: Potion            |       |     1 ||     1
   Stab: Sleeping          |     2 |       ||     2
 Armour: Animal skin       |    27 |     5 ||    32
         Skin              |       |     4 ||     4
  Dodge: Dodged            |    32 |     2 ||    34

Table legend: (Time is in decaauts)
 A = Elapsed time spent in this place.
 B = Non-inter-level travel time spent in this place.
 C = Inter-level travel time spent in this place.
 D = Time resting spent in this place.
 E = Time spent auto-exploring this place.
 F = Levels seen in this place.
 G = Mean time per level.
                   A        B        C        D        E       F      G
               +--------+--------+--------+--------+--------+-----+--------+
         Total |   1969 |   1898 |     71 |      0 |   1698 |   4 |  492.2 |
       Dungeon |   1969 |   1898 |     71 |      0 |   1698 |   4 |  492.2 |
               +--------+--------+--------+--------+--------+-----+--------+

Top non-repeatable levels by time:
     D:1: 948 daAuts
     D:2: 696 daAuts
     D:4: 167 daAuts
     D:3: 157 daAuts
